 Dungeon Crawl Stone Soup version 0.32-a0-799-g95e1662365 (webtiles) character file.

Game seed: 17471161151693656919

49 askman the Trooper (level 3, -15/29 HPs)
             Began as a Demonspawn Monk on Mar 21, 2024.
             Demolished by an ogre
             ... wielding a +0 giant spiked club
              (32 damage)
             ... on level 2 of the Dungeon.
             The game lasted 00:10:14 (1222 turns).

askman the Trooper (Demonspawn Monk)                Turns: 1222, Time: 00:10:14

Health: -15/29     AC:  3    Str: 11    XL:     3   Next: 53%
Magic:  3/3        EV: 17    Int: 10    God:
Gold:   74         SH:  0    Dex: 17    Spells: 2/2 levels left

rFire   . . .        a - +0 falchion
rCold   . . .        (no shield)
rNeg    . . .        s - +0 robe
rPois   .            (no helmet)
rElec   .            (no cloak)
rCorr   .            j - +0 pair of gloves
SInv    .            (no boots)
Will    .....        (no amulet)
Stlth   +            l - +5 ring of evasion
HPRegen 0.24/turn    (no ring)
MPRegen 0.08/turn

%: no passive effects
@: confused, ambrosia-drunk, wreathed by umbra
A: foul shadow 1
a: no special abilities


You were on level 2 of the Dungeon.
You visited 1 branch of the dungeon, and saw 2 of its levels.

You collected 74 gold pieces.

Inventory:

Hand Weapons
 a - a +0 falchion (weapon)
 b - a +2 antimagic sling
 h - a +0 short sword
 q - a +0 rapier
Missiles
 i - 5 boomerangs (quivered)
 u - 25 stones
Armour
 d - an orb of light
 j - a +0 pair of gloves (worn)
 r - a +0 cloak
 s - a +0 robe (worn)
Jewellery
 l - a +5 ring of evasion (left hand)
 t - a ring of ice
Scrolls
 e - 2 scrolls of immolation {unknown}
 f - a scroll of teleportation {unknown}
 g - a scroll of enchant weapon {unknown}
 w - 2 scrolls of identify {unknown}
 x - 2 scrolls of fear {unknown}
Potions
 k - a potion of berserk rage {unknown}
 m - 3 potions of brilliance {unknown}
 n - 2 potions of degeneration {unknown}
 o - 2 potions of curing {unknown}
 p - a potion of might {unknown}
 v - a potion of haste {unknown}


   Skills:
 + Level 3.3 Fighting
 * Level 1.1(2.2) Short Blades
 - Level 3.0(3.2) Long Blades
 + Level 3.0 Dodging
 * Level 1.2 Stealth


You had 2 spell levels left.
You didn't know any spells.
Your spell library contained the following spells:

 Spells                   Type           Power      Damage    Failure   Level
 Inner Flame              Hex/Fire       0%         N/A       75%         3
 Flame Wave               Conj/Fire      0%         2d4       98%         4
 Sticky Flame             Fire/Alch      0%         2d4       98%         4


Dungeon Overview and Level Annotations

Branches:
Dungeon (2/15)

Altars:

Shops:
D:1 (


Innate Abilities, Weirdness & Mutations

You are faintly shadowed, very rarely releasing foul flame when damaged in melee.


Message History

You hit the ribbon worm.
The ribbon worm is moderately wounded.
The quokka misses you. The quokka completely misses you.
The ribbon worm bites you.
You barely miss the ribbon worm.
The ribbon worm is moderately wounded.
The quokka completely misses you. The ribbon worm closely misses you.
You hit the ribbon worm.
The ribbon worm is heavily wounded.
The quokka misses you.
You hit the ribbon worm but do no damage.
The ribbon worm is heavily wounded.
The quokka completely misses you. The ribbon worm bites you.
The quokka bites you.
The quokka is seared by the foul flame within you.
The quokka is almost dead.
You hit the quokka.
You kill the quokka!
The ribbon worm misses you.
You hit the ribbon worm.
The ribbon worm is severely wounded.
The ribbon worm closely misses you.
You hit the ribbon worm.
The ribbon worm is almost dead.
The ribbon worm expels a string of sticky webbing.
The stream of webbing hits you but does no damage.
You are caught in a web!
The web tears apart.
The ribbon worm expels a string of sticky webbing.
The stream of webbing hits you but does no damage.
You are caught in a web!
You struggle to detach yourself from the web.
The web tears apart.
The ribbon worm misses you.
You hit the ribbon worm.
The ribbon worm is severely wounded.
The ribbon worm barely misses you.
You barely miss the ribbon worm.
The ribbon worm is severely wounded.
The ribbon worm barely misses you.
You hit the ribbon worm.
The ribbon worm is severely wounded.
The ribbon worm misses you.
You hit the ribbon worm but do no damage.
The ribbon worm is severely wounded.
The ribbon worm bites you.
You hit the ribbon worm.
The ribbon worm is severely wounded.
The ribbon worm completely misses you.
You hit the ribbon worm.
The ribbon worm is severely wounded.
The ribbon worm closely misses you.
You hit the ribbon worm.
The ribbon worm is almost dead.
The ribbon worm barely misses you.
You hit the ribbon worm.
The ribbon worm is almost dead.
The ribbon worm barely misses you.
You hit the ribbon worm.
You kill the ribbon worm!
No target in view!
No target in view!
No target in view!
A hobgoblin comes into view.
You hit the hobgoblin.
The hobgoblin is moderately wounded.
The hobgoblin completely misses you.
You hit the hobgoblin but do no damage.
The hobgoblin is moderately wounded.
The hobgoblin misses you.
The hobgoblin hits you but does no damage.
You slash the hobgoblin!
You kill the hobgoblin!
No target in view!
HP restored.
w - 2 scrolls labelled FOPPIN GECVE (gained 1)
Found a stone staircase leading down.
You now have 54 gold pieces (gained 2).
Found a stone staircase leading down.
You now have 71 gold pieces (gained 17).
u - 25 stones (gained 3)
You now have 74 gold pieces (gained 3).
There is a stone staircase leading down here.
There is a stone staircase leading down here.
There is a stone staircase leading down here.
An ogre comes into view. It is wielding a +0 giant spiked club.
The ogre shouts!
The ogre moves out of view.
A dart slug comes into view.
The ogre hits you with a +0 giant spiked club!!
Ouch! That really hurt!
* * * LOW HITPOINT WARNING * * *
You are confused.
You feel invigorated.
You hit the ogre.
The ogre is lightly wounded.
The ogre misses you. The ogre attacks as it pursues you!
The ogre hits you with a +0 giant spiked club!!
Ouch! That really hurt!
You die...

#..###.#.###.#.#.##........
.........# ##.#.###########
...####### ##.## ...# ##>##
...##########...#
............#...# ####
)..###.#.##.#...# ....#
.........##.###.###.....#
..........#.##..@O......#
....<†....#.##.####..w..#
...###.#..#......# .....
.............#.#.## ##.#
...######.##......# # ...#
#......#..##### ...#
####.#.......<# ...#
#.###...##.# .### #.......#


You could see an ogre and a dart slug.

Vanquished Creatures
  2 adders (D:2)
  A ribbon worm (D:2)
  A ball python (D:2)
  4 bats
  2 endoplasms
  A giant cockroach (D:1)
  4 hobgoblins
  A jackal (D:1)
  2 quokkas
  5 goblins
  2 kobolds (D:1)
  A rat (D:2)
26 creatures vanquished.

Notes
Turn   | Place    | Note
-------+----------+-------------------------------------------
     0 | D:1      | askman the Demonspawn Monk began the quest for the Orb.
     0 | D:1      | Reached XP level 1. HP: 18/18 MP: 1/1
   138 | D:1      | Gained mutation: You are faintly shadowed, very rarely
                  | releasing foul flame when damaged in melee. [demonic
                  | ancestry]
   138 | D:1      | Reached XP level 2. HP: 21/24 MP: 2/2
   376 | D:1      | Found Juthupteno's Weapon Boutique.
   692 | D:2      | Reached XP level 3. HP: 23/29 MP: 3/3
   765 | D:2      | Reached skill level 1 in Short Blades
   765 | D:2      | Reached skill level 1 in Stealth
  1217 | D:2      | Noticed an ogre
  1222 | D:2      | Demolished by an ogre

Illustrated notes

Levels and vault maps discovered:
D:1:      dpeg_arrival_windows_large_door, layout_rooms, serial_shops, shop,
          minmay_octomino_c4
D:2:      layout_loops_cross

Skill      XL: |  1  2  3 |
---------------+----------+-----
Long Blades    | 3 |  3.0
Short Blades   | 1 |  1.1
Dodging        | 3 |  3.0
Stealth        | 1 |  1.2
Fighting       | |  3.3

Action                     || total
---------------------------++-------
  Melee: Falchion          ||   108
    Use: Potion            ||     1
   Stab: Sleeping          ||     2
 Armour: Robe              ||    43
  Dodge: Dodged            ||    96

Table legend: (Time is in decaauts)
 A = Elapsed time spent in this place.
 B = Non-inter-level travel time spent in this place.
 C = Inter-level travel time spent in this place.
 D = Time resting spent in this place.
 E = Time spent auto-exploring this place.
 F = Levels seen in this place.
 G = Mean time per level.
                   A        B        C        D        E       F      G
               +--------+--------+--------+--------+--------+-----+--------+
         Total |   1236 |   1227 |      9 |    107 |    765 |   2 |  618.0 |
       Dungeon |   1236 |   1227 |      9 |    107 |    765 |   2 |  618.0 |
               +--------+--------+--------+--------+--------+-----+--------+

Top non-repeatable levels by time:
     D:1: 715 daAuts
     D:2: 521 daAuts
